cohdb
Replays
Latest Replays
All Replays
Popular Replays
Top Player Replays
Match Explorer
How It Works
Community
CoH3 Stats
Reddit
Sign in to upload your games and track your stats! →
Sign in with Steam
Match 45943083
Unlisted
Match 45943083
Overview
Messages
Build Orders
End
Selects Airborne Battlegroup
Selects Heavy Machine Gun Paradrop
Selects Smoke Bombing Run
Heavy Machine Gun Paradrop
Construct Weapon Support Center
Bazooka Squad
Engineer Squad
Heavy Machine Gun Paradrop
Selects Paratrooper Squad Paradrop
.30 cal Machine Gun
Mechanized Support Center
Construct Medical Station
.30 cal Machine Gun
Improved M9 Bazooka Rockets
Paratrooper Squad Paradrop
Selects Supply Drop
Construct Tank Depot
Heavy Machine Gun Paradrop
Paratrooper Squad Paradrop
Selects Anti-tank Gun Team Paradrop
Engineer Squad
dinamix.fr
seb
letitan666
leglaude258
Hitman
Garmolcan86
UziLove
svetonosets
0
0
Comments
sign in to comment!
No comments posted yet!